[ AOE2 MATCH · #469967472 ]
Team RMMongols vs Celts
[ REPLAY ANALYSIS · EXTRACTED FROM THE RECORDED GAME ]
Feudal
14:39
Castle
18:24
Imperial
45:07
| APM avg | 32.3 |
| APM peak | 67 |
| eAPM avg | 14.0 |
| Villagers / military | 98 / 131 |
Focus
⚔️ 24.4% · 🌾 75.6%
Mangudai ×116 · Fishing Ship ×10 · Trebuchet (Packed) ×8 · Battering Ram ×2 · Demolition Raft ×2 · Monk ×1
Feudal
13:05
Castle
18:41
Imperial
—
| APM avg | 24.0 |
| APM peak | 58 |
| eAPM avg | 15.4 |
| Villagers / military | 106 / 101 |
Focus
⚔️ 33.5% · 🌾 66.5%
Skirmisher ×41 · Fishing Ship ×28 · Spearman ×24 · Armored Elephant ×11 · Galley ×10 · Elephant Archer ×8
Feudal
15:20
Castle
20:57
Imperial
38:21
| APM avg | 19.6 |
| APM peak | 54 |
| eAPM avg | 7.6 |
| Villagers / military | 73 / 22 |
Focus
⚔️ 15.1% · 🌾 84.9%
Knight ×13 · Spearman ×5 · Trebuchet (Packed) ×2 · Monk ×1 · Scout Cavalry ×1
Feudal
14:34
Castle
18:55
Imperial
33:32
| APM avg | 21.1 |
| APM peak | 43 |
| eAPM avg | 14.5 |
| Villagers / military | 144 / 202 |
Focus
⚔️ 38.4% · 🌾 61.6%
Knight ×80 · Hand Cannoneer ×76 · Bombard Cannon ×22 · Skirmisher ×16 · Fishing Ship ×8 · Throwing Axeman ×3
Feudal
—
Castle
—
Imperial
—
| APM avg | 32.6 |
| APM peak | 81 |
| eAPM avg | 20.3 |
| Villagers / military | 171 / 263 |
Focus
⚔️ 26.9% · 🌾 73.1%
Skirmisher ×123 · Knight ×94 · Fishing Ship ×62 · Scout Cavalry ×22 · Spearman ×15 · Militia ×5
Feudal
14:54
Castle
21:28
Imperial
39:35
| APM avg | 19.7 |
| APM peak | 70 |
| eAPM avg | 14.6 |
| Villagers / military | 164 / 281 |
Focus
⚔️ 39.0% · 🌾 61.0%
Spearman ×163 · Cavalry Archer ×65 · Battering Ram ×52 · Trebuchet (Packed) ×1
Feudal
16:51
Castle
22:56
Imperial
37:09
| APM avg | 43.4 |
| APM peak | 88 |
| eAPM avg | 26.4 |
| Villagers / military | 135 / 324 |
Focus
⚔️ 40.6% · 🌾 59.4%
Spearman ×171 · Battering Ram ×50 · Fishing Ship ×40 · Scorpion ×34 · Woad Raider ×34 · Skirmisher ×28
Feudal
17:52
Castle
29:53
Imperial
53:30
| APM avg | 22.8 |
| APM peak | 47 |
| eAPM avg | 13.6 |
| Villagers / military | 101 / 106 |
Focus
⚔️ 22.9% · 🌾 77.1%
Cavalry Archer ×52 · Tarkan ×33 · Fishing Ship ×12 · Scout Cavalry ×9 · Unknown (2626) ×7 · Demolition Raft ×6
Match map
Initial resources + every placement click. Lines = walls · curves = elevation contours. ◆ gold · ⬟ stone · ● berries · ✦ relic · ◌ wall gap
Your base· Open — 15t gap
idiot_pineo's base· Open — 10t gap
danisan's base· Open — 14t gap
Flanker_08's base· Open — 15t gap
Volt Br8765's base· Open — 7t gap
yeyekamon's base· Open — 4t gap
EL SEÑOR PONY's base· Open — unwalled flank
passami lo sdrogo's base· Open — 3t gap
Smoothed initial terrain · ◌ = detected wall gap · hover for details
Inputs per minute
— yougetcs - - idiot_pineo
Build order — yougetcs
First 150 of 343 actions detected
| 0:39 | Build | Town Center |
| 1:45 | Build | House |
| 3:05 | Build | Dock |
| 3:15 | Create | Villager (Male) |
| 3:15 | Create | Villager (Male) |
| 3:15 | Create | Villager (Male) |
| 3:15 | Create | Villager (Male) |
| 3:16 | Create | Villager (Male) |
| 3:49 | Build | House |
| 4:39 | Create | Villager (Male) |
| 4:39 | Create | Villager (Male) |
| 4:58 | Create | Villager (Male) |
| 4:58 | Create | Villager (Male) |
| 5:29 | Create | Villager (Male) |
| 5:29 | Create | Villager (Male) |
| 6:01 | Create | Villager (Male) |
| 6:01 | Create | Villager (Male) |
| 6:22 | Create | Villager (Male) |
| 6:22 | Create | Villager (Male) |
| 6:23 | Create | Villager (Male) |
| 7:02 | Create | Villager (Male) |
| 7:03 | Create | Villager (Male) |
| 7:03 | Create | Villager (Male) |
| 7:03 | Create | Villager (Male) |
| 7:03 | Create | Villager (Male) |
| 7:09 | Build | House |
| 8:11 | Create | Villager (Male) |
| 8:18 | Create | Fishing Ship |
| 8:19 | Create | Fishing Ship |
| 8:32 | Create | Villager (Male) |
| 8:32 | Create | Villager (Male) |
| 8:32 | Create | Villager (Male) |
| 8:33 | Create | Villager (Male) |
| 8:33 | Create | Villager (Male) |
| 8:34 | Create | Villager (Male) |
| 8:42 | Build | House |
| 9:20 | Create | Villager (Male) |
| 9:21 | Create | Villager (Male) |
| 9:21 | Create | Villager (Male) |
| 9:21 | Create | Villager (Male) |
| 9:44 | Create | Fishing Ship |
| 9:44 | Create | Fishing Ship |
| 9:44 | Create | Fishing Ship |
| 10:28 | Create | Fishing Ship |
| 10:32 | Build | House |
| 10:55 | Build | Mining Camp |
| 11:26 | Create | Fishing Ship |
| 11:26 | Create | Fishing Ship |
| 11:34 | Research | Feudal Age |
| 11:34 | Research | Feudal Age |
| 12:36 | Build | House |
| 12:44 | Build | Outpost |
| 13:42 | Research | Loom |
| 13:42 | Research | Loom |
| 14:07 | Build | Outpost |
| 14:39 | Age | Feudal Age |
| 14:48 | Build | Mill |
| 15:06 | Build | Market |
| 15:08 | Build | Blacksmith |
| 15:25 | Build | House |
| 15:35 | Build | House |
| 15:44 | Research | Castle Age |
| 15:45 | Research | Castle Age |
| 16:19 | Build | Mining Camp |
| 16:55 | Build | House |
| 16:56 | Build | House |
| 17:07 | Build | Stone Wall |
| 17:14 | Build | Stone Wall |
| 17:41 | Build | Stone Wall |
| 18:12 | Create | Villager (Male) |
| 18:12 | Create | Villager (Male) |
| 18:24 | Age | Castle Age |
| 18:31 | Build | Town Center |
| 18:34 | Create | Villager (Male) |
| 18:41 | Build | Lumber Camp |
| 19:00 | Build | House |
| 19:01 | Build | House |
| 19:13 | Research | Double-Bit Axe |
| 19:13 | Research | Double-Bit Axe |
| 19:26 | Research | Stone Mining |
| 19:46 | Research | Bow Saw |
| 19:46 | Research | Bow Saw |
| 20:07 | Build | House |
| 20:07 | Build | House |
| 20:08 | Build | House |
| 20:14 | Build | House |
| 20:15 | Build | House |
| 20:16 | Build | House |
| 20:22 | Create | Villager (Male) |
| 20:22 | Create | Villager (Male) |
| 20:39 | Create | Villager (Male) |
| 20:39 | Create | Villager (Male) |
| 20:41 | Create | Villager (Male) |
| 20:42 | Create | Villager (Male) |
| 21:13 | Research | Fletching |
| 21:13 | Research | Padded Archer Armor |
| 21:26 | Create | Villager (Male) |
| 21:27 | Create | Villager (Male) |
| 21:27 | Create | Villager (Male) |
| 21:58 | Build | Castle |
| 22:02 | Create | Villager (Male) |
| 22:04 | Create | Villager (Male) |
| 22:09 | Research | Gold Mining |
| 22:10 | Research | Stone Shaft Mining |
| 22:21 | Create | Demolition Raft |
| 22:21 | Create | Demolition Raft |
| 22:27 | Research | Tech 905 |
| 22:30 | Create | Transport Ship |
| 22:31 | Create | Trade Cog |
| 22:33 | Create | Galley |
| 22:36 | Create | Fishing Ship |
| 22:37 | Create | Fishing Ship |
| 22:47 | Build | Barracks |
| 22:52 | Create | Villager (Male) |
| 22:53 | Create | Villager (Male) |
| 22:53 | Create | Villager (Male) |
| 22:53 | Create | Villager (Male) |
| 22:54 | Create | Villager (Male) |
| 23:21 | Create | Mangudai |
| 23:21 | Create | Mangudai |
| 23:21 | Create | Mangudai |
| 23:22 | Create | Mangudai |
| 23:22 | Create | Mangudai |
| 23:22 | Create | Mangudai |
| 23:33 | Research | Horse Collar |
| 24:31 | Build | University |
| 24:36 | Build | Monastery |
| 24:54 | Create | Mangudai |
| 24:54 | Create | Mangudai |
| 24:55 | Create | Mangudai |
| 24:55 | Create | Mangudai |
| 24:55 | Create | Mangudai |
| 24:55 | Create | Mangudai |
| 25:16 | Create | Villager (Male) |
| 25:16 | Create | Villager (Male) |
| 25:18 | Create | Villager (Male) |
| 25:18 | Create | Villager (Male) |
| 25:46 | Create | Mangudai |
| 25:47 | Create | Mangudai |
| 25:47 | Create | Mangudai |
| 25:47 | Create | Mangudai |
| 25:47 | Create | Mangudai |
| 26:22 | Create | Mangudai |
| 26:23 | Create | Mangudai |
| 26:23 | Create | Mangudai |
| 27:29 | Research | Ballistics |
| 27:29 | Research | Ballistics |
| 27:37 | Build | Stable |
| 27:44 | Build | Archery Range |
| 27:45 | Build | House |
Build order — idiot_pineo
First 150 of 373 actions detected
| 0:14 | Build | Town Center |
| 1:33 | Build | House |
| 2:19 | Build | Dock |
| 2:45 | Create | Villager (Male) |
| 2:45 | Create | Villager (Male) |
| 2:45 | Create | Villager (Male) |
| 2:45 | Create | Villager (Male) |
| 2:46 | Create | Villager (Male) |
| 3:20 | Build | Palisade Wall |
| 3:28 | Build | Palisade Wall |
| 4:31 | Create | Fishing Ship |
| 4:31 | Create | Fishing Ship |
| 4:44 | Create | Villager (Male) |
| 4:45 | Create | Villager (Male) |
| 5:05 | Create | Villager (Male) |
| 5:05 | Create | Villager (Male) |
| 5:39 | Create | Fishing Ship |
| 5:39 | Create | Fishing Ship |
| 5:59 | Create | Villager (Male) |
| 6:00 | Create | Villager (Male) |
| 6:08 | Build | House |
| 6:22 | Create | Fishing Ship |
| 6:22 | Create | Fishing Ship |
| 6:46 | Create | Villager (Male) |
| 7:12 | Research | Loom |
| 7:12 | Research | Loom |
| 7:24 | Create | Villager (Male) |
| 7:24 | Create | Villager (Male) |
| 7:28 | Create | Fishing Ship |
| 7:40 | Create | Villager (Male) |
| 8:03 | Create | Villager (Male) |
| 8:11 | Create | Fishing Ship |
| 8:24 | Create | Villager (Male) |
| 8:33 | Build | House |
| 8:45 | Create | Villager (Male) |
| 9:07 | Build | House |
| 9:27 | Create | Fishing Ship |
| 9:27 | Create | Fishing Ship |
| 9:44 | Create | Villager (Male) |
| 10:20 | Create | Villager (Male) |
| 10:25 | Build | Mining Camp |
| 10:29 | Create | Villager (Male) |
| 10:55 | Research | Feudal Age |
| 11:13 | Create | Fishing Ship |
| 12:01 | Create | Villager (Male) |
| 12:03 | Build | House |
| 12:12 | Build | Dock |
| 12:57 | Build | Lumber Camp |
| 13:05 | Age | Feudal Age |
| 13:12 | Create | Galley |
| 13:15 | Research | Tech 906 |
| 13:22 | Create | Villager (Male) |
| 13:31 | Research | Double-Bit Axe |
| 13:31 | Research | Double-Bit Axe |
| 14:01 | Build | Blacksmith |
| 14:04 | Create | Villager (Male) |
| 14:24 | Build | Mill |
| 14:28 | Create | Villager (Male) |
| 15:02 | Build | Market |
| 15:09 | Build | House |
| 15:15 | Create | Villager (Male) |
| 16:01 | Research | Castle Age |
| 16:01 | Research | Castle Age |
| 16:24 | Create | Galley |
| 16:24 | Create | Galley |
| 16:24 | Create | Galley |
| 16:25 | Create | Galley |
| 16:42 | Create | Galley |
| 16:42 | Create | Galley |
| 16:43 | Research | Fletching |
| 16:51 | Create | Fishing Ship |
| 16:52 | Create | Fishing Ship |
| 17:07 | Build | Dock |
| 17:40 | Create | Fishing Ship |
| 17:48 | Create | Fishing Ship |
| 17:51 | Build | House |
| 17:52 | Build | House |
| 18:03 | Build | Lumber Camp |
| 18:35 | Create | Fishing Ship |
| 18:41 | Age | Castle Age |
| 18:43 | Research | Bow Saw |
| 18:43 | Research | Bow Saw |
| 18:44 | Create | Villager (Male) |
| 18:54 | Build | Town Center |
| 19:00 | Create | Villager (Male) |
| 19:04 | Research | Gillnets |
| 19:04 | Research | Gillnets |
| 19:28 | Create | Fishing Ship |
| 19:36 | Create | Villager (Male) |
| 19:40 | Research | Horse Collar |
| 19:44 | Build | Farm |
| 19:53 | Build | Farm |
| 19:57 | Create | Villager (Male) |
| 20:07 | Build | Dock |
| 20:15 | Create | Villager (Male) |
| 20:35 | Research | War Galley (upgrade) |
| 20:35 | Research | War Galley (upgrade) |
| 20:45 | Create | Villager (Male) |
| 20:53 | Research | Heavy Plow |
| 20:55 | Create | Villager (Male) |
| 21:16 | Build | Barracks |
| 21:35 | Create | Villager (Male) |
| 21:42 | Create | Fishing Ship |
| 21:42 | Create | Fishing Ship |
| 21:48 | Create | Fishing Ship |
| 21:48 | Create | Fishing Ship |
| 21:51 | Create | Fishing Ship |
| 22:08 | Research | Bodkin Arrow |
| 22:08 | Research | Bodkin Arrow |
| 22:10 | Research | Wheelbarrow |
| 22:11 | Research | Wheelbarrow |
| 22:12 | Create | Villager (Male) |
| 22:20 | Build | Archery Range |
| 22:25 | Create | Villager (Male) |
| 22:35 | Build | Farm |
| 22:39 | Build | Farm |
| 22:46 | Create | Fishing Ship |
| 22:50 | Create | Fire Galley |
| 22:50 | Create | Fire Galley |
| 23:00 | Create | Villager (Male) |
| 23:18 | Create | Elephant Archer |
| 23:19 | Create | Elephant Archer |
| 23:28 | Build | Archery Range |
| 23:34 | Create | Villager (Male) |
| 23:35 | Research | Padded Archer Armor |
| 23:38 | Create | Villager (Male) |
| 23:51 | Build | Town Center |
| 23:59 | Create | Elephant Archer |
| 24:03 | Create | Spearman |
| 24:03 | Create | Spearman |
| 24:09 | Create | Villager (Male) |
| 24:10 | Create | Villager (Male) |
| 24:41 | Create | Fire Galley |
| 24:41 | Create | Galley |
| 24:48 | Create | Unit 2626 |
| 24:56 | Build | House |
| 25:05 | Research | Squires |
| 25:05 | Research | Arson |
| 25:07 | Create | Villager (Male) |
| 25:07 | Create | Villager (Male) |
| 25:08 | Create | Villager (Male) |
| 25:13 | Build | Lumber Camp |
| 25:14 | Build | Lumber Camp |
| 25:18 | Research | Scale Mail Armor |
| 25:21 | Research | Gambesons |
| 25:36 | Create | Galley |
| 25:37 | Create | Galley |
| 25:49 | Create | Villager (Male) |
| 25:49 | Create | Villager (Male) |
| 25:50 | Create | Villager (Male) |
Build order — danisan
First 150 of 176 actions detected
| 1:20 | Build | Town Center |
| 3:08 | Build | House |
| 3:15 | Build | House |
| 3:15 | Create | Villager (Male) |
| 3:16 | Create | Villager (Male) |
| 3:16 | Create | Villager (Male) |
| 3:58 | Create | Villager (Male) |
| 4:55 | Create | Villager (Male) |
| 4:55 | Create | Villager (Male) |
| 6:16 | Create | Villager (Male) |
| 6:16 | Create | Villager (Male) |
| 6:48 | Build | Mill |
| 6:52 | Create | Villager (Male) |
| 7:22 | Create | Villager (Male) |
| 7:43 | Create | Villager (Male) |
| 7:52 | Build | House |
| 8:01 | Build | House |
| 8:09 | Build | House |
| 8:33 | Create | Villager (Male) |
| 8:52 | Create | Villager (Male) |
| 9:06 | Create | Villager (Male) |
| 9:41 | Create | Villager (Male) |
| 9:55 | Build | Mining Camp |
| 10:08 | Research | Loom |
| 10:09 | Create | Villager (Male) |
| 10:42 | Create | Villager (Male) |
| 11:05 | Create | Villager (Male) |
| 11:40 | Create | Villager (Male) |
| 12:09 | Create | Villager (Male) |
| 12:42 | Create | Villager (Male) |
| 13:10 | Research | Feudal Age |
| 13:39 | Build | Lumber Camp |
| 14:03 | Build | House |
| 14:11 | Build | Farm |
| 14:13 | Build | Farm |
| 14:46 | Build | Farm |
| 14:48 | Build | Farm |
| 14:57 | Build | Farm |
| 15:20 | Age | Feudal Age |
| 15:32 | Build | Blacksmith |
| 15:45 | Build | Market |
| 15:50 | Create | Villager (Male) |
| 16:02 | Build | Farm |
| 16:23 | Create | Villager (Male) |
| 16:29 | Build | Farm |
| 16:33 | Build | Farm |
| 16:55 | Create | Villager (Male) |
| 17:06 | Build | Farm |
| 17:20 | Build | Farm |
| 17:26 | Build | Farm |
| 17:31 | Create | Villager (Male) |
| 17:35 | Build | Farm |
| 18:04 | Build | Farm |
| 18:17 | Research | Castle Age |
| 18:42 | Research | Double-Bit Axe |
| 18:52 | Build | Barracks |
| 19:53 | Build | Stable |
| 19:59 | Create | Villager (Male) |
| 20:37 | Create | Villager (Male) |
| 20:52 | Create | Villager (Male) |
| 20:57 | Age | Castle Age |
| 20:59 | Create | Spearman |
| 20:59 | Create | Spearman |
| 21:08 | Create | Knight |
| 21:09 | Create | Knight |
| 21:14 | Build | House |
| 21:18 | Build | House |
| 21:28 | Research | Wheelbarrow |
| 21:28 | Create | Villager (Male) |
| 21:30 | Build | Mining Camp |
| 21:39 | Create | Spearman |
| 21:51 | Build | House |
| 21:56 | Create | Villager (Male) |
| 22:07 | Create | Knight |
| 22:22 | Research | Forging |
| 22:25 | Create | Spearman |
| 22:33 | Create | Villager (Male) |
| 22:34 | Create | Villager (Male) |
| 22:42 | Build | House |
| 22:51 | Create | Spearman |
| 23:42 | Create | Villager (Male) |
| 23:42 | Create | Villager (Male) |
| 24:12 | Create | Villager (Male) |
| 24:34 | Create | Scout Cavalry |
| 24:39 | Create | Villager (Male) |
| 25:07 | Build | Monastery |
| 25:18 | Research | Husbandry |
| 25:23 | Research | Bow Saw |
| 25:26 | Create | Villager (Male) |
| 25:50 | Build | Farm |
| 25:50 | Build | Farm |
| 25:50 | Build | Farm |
| 25:50 | Build | Farm |
| 25:53 | Create | Monk |
| 25:59 | Create | Knight |
| 26:13 | Create | Villager (Male) |
| 26:27 | Create | Knight |
| 26:30 | Research | Padded Archer Armor |
| 26:32 | Research | Scale Barding Armor |
| 26:48 | Create | Villager (Male) |
| 26:53 | Build | House |
| 27:28 | Create | Villager (Male) |
| 27:34 | Build | House |
| 27:36 | Build | House |
| 28:02 | Build | Castle |
| 28:36 | Create | Villager (Male) |
| 28:36 | Create | Villager (Male) |
| 28:54 | Build | Castle |
| 29:01 | Create | Villager (Male) |
| 29:01 | Create | Villager (Male) |
| 29:07 | Build | Farm |
| 29:07 | Build | Farm |
| 29:07 | Build | Farm |
| 29:26 | Create | Villager (Male) |
| 29:39 | Create | Villager (Male) |
| 29:43 | Create | Knight |
| 29:59 | Create | Villager (Male) |
| 30:04 | Create | Villager (Male) |
| 30:26 | Build | Farm |
| 30:29 | Create | Villager (Male) |
| 30:35 | Build | Farm |
| 30:56 | Create | Villager (Male) |
| 31:07 | Create | Knight |
| 31:11 | Create | Villager (Male) |
| 31:28 | Build | Farm |
| 31:29 | Create | Villager (Male) |
| 31:30 | Create | Villager (Male) |
| 32:22 | Create | Villager (Male) |
| 32:22 | Create | Villager (Male) |
| 32:30 | Build | Farm |
| 32:37 | Create | Villager (Male) |
| 32:47 | Research | Gold Mining |
| 33:16 | Build | Town Center |
| 33:23 | Create | Villager (Male) |
| 33:35 | Create | Knight |
| 34:29 | Build | Farm |
| 34:30 | Create | Villager (Male) |
| 34:45 | Create | Knight |
| 35:02 | Create | Villager (Male) |
| 35:02 | Create | Villager (Male) |
| 35:06 | Build | Farm |
| 35:06 | Build | Farm |
| 35:06 | Build | Farm |
| 35:10 | Research | Imperial Age |
| 35:42 | Build | Mining Camp |
| 36:07 | Create | Villager (Male) |
| 36:08 | Create | Villager (Male) |
| 36:12 | Create | Knight |
| 36:13 | Create | Knight |
| 36:39 | Create | Villager (Male) |
Build order — Flanker_08
First 150 of 527 actions detected
| 0:42 | Build | Town Center |
| 1:10 | Build | Dock |
| 2:10 | Build | House |
| 3:07 | Create | Villager (Male) |
| 3:07 | Create | Villager (Male) |
| 3:07 | Create | Villager (Male) |
| 3:07 | Create | Villager (Male) |
| 3:57 | Create | Villager (Male) |
| 4:49 | Create | Villager (Male) |
| 4:49 | Create | Villager (Male) |
| 4:57 | Build | House |
| 5:27 | Create | Fishing Ship |
| 5:28 | Create | Fishing Ship |
| 5:54 | Create | Fishing Ship |
| 5:57 | Create | Villager (Male) |
| 5:57 | Create | Villager (Male) |
| 5:58 | Create | Villager (Male) |
| 6:30 | Create | Villager (Male) |
| 6:58 | Build | Lumber Camp |
| 7:02 | Create | Villager (Male) |
| 7:03 | Create | Villager (Male) |
| 7:30 | Build | House |
| 7:34 | Create | Villager (Male) |
| 7:35 | Create | Villager (Male) |
| 8:10 | Create | Villager (Male) |
| 8:10 | Create | Villager (Male) |
| 8:11 | Create | Villager (Male) |
| 8:20 | Create | Fishing Ship |
| 8:21 | Create | Fishing Ship |
| 8:45 | Build | House |
| 8:50 | Create | Villager (Male) |
| 8:50 | Create | Villager (Male) |
| 8:50 | Create | Villager (Male) |
| 9:42 | Create | Villager (Male) |
| 9:42 | Create | Villager (Male) |
| 9:42 | Create | Villager (Male) |
| 9:47 | Create | Fishing Ship |
| 9:47 | Create | Fishing Ship |
| 9:54 | Build | House |
| 10:00 | Create | Villager (Male) |
| 10:00 | Create | Villager (Male) |
| 10:28 | Create | Villager (Male) |
| 10:28 | Create | Villager (Male) |
| 10:41 | Create | Fishing Ship |
| 10:44 | Create | Villager (Male) |
| 11:23 | Build | Mill |
| 11:36 | Create | Villager (Male) |
| 11:37 | Create | Villager (Male) |
| 12:24 | Research | Feudal Age |
| 12:32 | Build | Mining Camp |
| 13:28 | Build | Farm |
| 13:30 | Build | Farm |
| 13:33 | Build | House |
| 14:03 | Create | Villager (Male) |
| 14:03 | Create | Villager (Male) |
| 14:34 | Age | Feudal Age |
| 14:39 | Create | Villager (Male) |
| 14:49 | Build | Blacksmith |
| 14:57 | Create | Villager (Male) |
| 15:19 | Build | Market |
| 16:15 | Research | Castle Age |
| 16:20 | Research | Double-Bit Axe |
| 16:47 | Build | Farm |
| 17:02 | Build | Barracks |
| 17:07 | Create | Villager (Male) |
| 17:07 | Create | Villager (Male) |
| 17:17 | Build | Farm |
| 17:21 | Build | Farm |
| 18:06 | Build | House |
| 18:23 | Build | Stable |
| 18:42 | Create | Villager (Male) |
| 18:55 | Age | Castle Age |
| 19:03 | Build | Town Center |
| 19:08 | Create | Villager (Male) |
| 19:15 | Create | Knight |
| 19:16 | Create | Knight |
| 19:16 | Create | Knight |
| 19:32 | Build | Stable |
| 19:35 | Research | Scale Barding Armor |
| 19:47 | Create | Villager (Male) |
| 19:48 | Create | Villager (Male) |
| 20:09 | Create | Knight |
| 20:27 | Research | Wheelbarrow |
| 20:41 | Create | Villager (Male) |
| 20:41 | Create | Villager (Male) |
| 20:41 | Create | Villager (Male) |
| 20:44 | Build | House |
| 20:45 | Build | House |
| 21:13 | Create | Knight |
| 21:13 | Create | Knight |
| 21:18 | Build | Farm |
| 21:20 | Build | Farm |
| 21:21 | Build | Farm |
| 21:28 | Build | Town Center |
| 21:36 | Create | Villager (Male) |
| 21:36 | Create | Villager (Male) |
| 21:36 | Create | Villager (Male) |
| 21:40 | Build | Farm |
| 21:47 | Build | Mining Camp |
| 22:04 | Create | Knight |
| 22:04 | Create | Knight |
| 22:17 | Create | Villager (Male) |
| 22:17 | Create | Villager (Male) |
| 22:17 | Create | Villager (Male) |
| 22:18 | Create | Villager (Male) |
| 22:51 | Create | Villager (Male) |
| 22:51 | Create | Villager (Male) |
| 22:51 | Create | Villager (Male) |
| 23:14 | Research | Town Watch |
| 23:15 | Create | Villager (Male) |
| 23:16 | Create | Villager (Male) |
| 23:19 | Build | Farm |
| 23:21 | Build | Farm |
| 23:43 | Create | Knight |
| 23:44 | Create | Knight |
| 23:48 | Build | Farm |
| 23:50 | Build | Farm |
| 24:02 | Build | Farm |
| 24:03 | Build | Farm |
| 24:05 | Build | Farm |
| 24:07 | Build | Farm |
| 24:26 | Research | Husbandry |
| 24:29 | Create | Villager (Male) |
| 24:30 | Create | Villager (Male) |
| 24:30 | Create | Villager (Male) |
| 24:35 | Build | Farm |
| 24:45 | Build | House |
| 24:46 | Build | House |
| 24:48 | Build | House |
| 24:56 | Research | Bow Saw |
| 25:11 | Create | Villager (Male) |
| 25:12 | Create | Villager (Male) |
| 25:12 | Create | Villager (Male) |
| 25:12 | Create | Villager (Male) |
| 25:22 | Build | Town Center |
| 25:26 | Create | Villager (Male) |
| 25:27 | Create | Villager (Male) |
| 25:36 | Create | Knight |
| 25:37 | Create | Knight |
| 25:37 | Create | Knight |
| 25:55 | Create | Villager (Male) |
| 25:55 | Create | Villager (Male) |
| 26:12 | Create | Villager (Male) |
| 26:12 | Create | Villager (Male) |
| 26:12 | Create | Villager (Male) |
| 26:12 | Create | Villager (Male) |
| 26:12 | Create | Villager (Male) |
| 26:17 | Build | Fish Trap |
| 26:18 | Build | Fish Trap |
| 26:19 | Build | Fish Trap |
Build order — Volt Br8765
First 150 of 491 actions detected
| 0:07 | Build | Town Center |
| 1:38 | Build | House |
| 2:09 | Build | House |
| 2:33 | Create | Villager (Male) |
| 2:33 | Create | Villager (Male) |
| 2:33 | Create | Villager (Male) |
| 2:33 | Create | Villager (Male) |
| 3:23 | Create | Villager (Male) |
| 4:49 | Create | Villager (Male) |
| 4:49 | Create | Villager (Male) |
| 5:06 | Create | Villager (Male) |
| 5:06 | Create | Villager (Male) |
| 5:35 | Create | Villager (Male) |
| 5:35 | Create | Villager (Male) |
| 6:08 | Build | Dock |
| 6:11 | Create | Villager (Male) |
| 6:11 | Create | Villager (Male) |
| 6:11 | Create | Villager (Male) |
| 6:42 | Build | House |
| 6:44 | Build | House |
| 6:52 | Build | Lumber Camp |
| 6:57 | Create | Villager (Male) |
| 6:57 | Create | Villager (Male) |
| 7:04 | Create | Fishing Ship |
| 7:04 | Create | Fishing Ship |
| 7:36 | Create | Villager (Male) |
| 7:36 | Create | Villager (Male) |
| 7:47 | Create | Villager (Male) |
| 7:47 | Create | Villager (Male) |
| 8:48 | Create | Fishing Ship |
| 8:48 | Create | Fishing Ship |
| 8:49 | Create | Villager (Male) |
| 8:49 | Create | Villager (Male) |
| 8:49 | Create | Villager (Male) |
| 8:50 | Create | Villager (Male) |
| 9:22 | Create | Fishing Ship |
| 9:23 | Create | Fishing Ship |
| 10:13 | Build | Outpost |
| 10:20 | Create | Villager (Male) |
| 10:20 | Create | Villager (Male) |
| 10:20 | Create | Villager (Male) |
| 10:20 | Create | Villager (Male) |
| 10:21 | Create | Villager (Male) |
| 10:49 | Build | Mill |
| 10:59 | Build | Palisade Wall |
| 11:15 | Create | Villager (Male) |
| 11:23 | Build | Palisade Wall |
| 11:23 | Build | Palisade Wall |
| 11:24 | Build | Palisade Wall |
| 11:25 | Build | Palisade Wall |
| 11:27 | Build | Palisade Wall |
| 11:28 | Build | Palisade Wall |
| 11:29 | Build | Palisade Wall |
| 11:29 | Build | Palisade Wall |
| 11:32 | Build | Palisade Wall |
| 11:33 | Build | Palisade Wall |
| 11:34 | Build | Palisade Wall |
| 11:36 | Build | Palisade Wall |
| 11:37 | Build | Palisade Wall |
| 11:37 | Build | Palisade Wall |
| 11:38 | Build | Palisade Wall |
| 11:39 | Build | Palisade Wall |
| 11:40 | Build | Palisade Wall |
| 11:41 | Build | Palisade Wall |
| 11:42 | Build | Palisade Wall |
| 11:43 | Build | Palisade Wall |
| 11:44 | Build | Palisade Wall |
| 11:53 | Build | Lumber Camp |
| 12:02 | Create | Fishing Ship |
| 12:02 | Create | Fishing Ship |
| 12:03 | Create | Fishing Ship |
| 12:09 | Research | Loom |
| 12:35 | Build | House |
| 12:36 | Build | House |
| 12:37 | Build | House |
| 12:52 | Build | Mining Camp |
| 13:14 | Create | Fishing Ship |
| 13:14 | Create | Fishing Ship |
| 13:25 | Research | Feudal Age |
| 13:25 | Research | Feudal Age |
| 13:50 | Build | Barracks |
| 15:06 | Create | Militia |
| 15:07 | Create | Militia |
| 15:07 | Create | Militia |
| 15:07 | Create | Militia |
| 15:24 | Build | Dock |
| 15:41 | Build | Stable |
| 15:51 | Create | Villager (Male) |
| 16:01 | Create | Militia |
| 16:11 | Build | Mining Camp |
| 16:29 | Build | Blacksmith |
| 16:43 | Create | Scout Cavalry |
| 16:43 | Create | Scout Cavalry |
| 16:51 | Research | Man-at-Arms (upgrade) |
| 17:11 | Create | Villager (Male) |
| 17:20 | Create | Fishing Ship |
| 17:20 | Create | Fishing Ship |
| 17:21 | Create | Fishing Ship |
| 17:21 | Create | Fishing Ship |
| 17:45 | Build | Watch Tower |
| 17:59 | Research | Bloodlines |
| 18:49 | Research | Scale Barding Armor |
| 20:15 | Create | Scout Cavalry ×4 |
| 20:15 | Create | Scout Cavalry ×4 |
| 20:41 | Build | House |
| 20:44 | Build | House |
| 21:04 | Create | Villager (Male) |
| 21:22 | Create | Villager (Male) |
| 21:35 | Create | Spearman |
| 21:35 | Create | Spearman |
| 21:35 | Create | Spearman |
| 21:35 | Create | Spearman |
| 21:36 | Create | Spearman |
| 21:36 | Create | Spearman |
| 21:36 | Create | Spearman |
| 21:55 | Build | Lumber Camp |
| 22:09 | Build | House |
| 22:15 | Build | Watch Tower |
| 22:38 | Build | Lumber Camp |
| 22:41 | Create | Villager (Male) |
| 23:21 | Build | Town Center |
| 24:00 | Research | Scale Mail Armor |
| 24:01 | Research | Forging |
| 24:01 | Research | Forging |
| 24:20 | Create | Villager (Male) |
| 24:20 | Create | Villager (Male) |
| 24:20 | Create | Villager (Male) |
| 24:21 | Create | Villager (Male) |
| 24:21 | Create | Villager (Male) |
| 24:21 | Create | Villager (Male) |
| 24:28 | Build | Farm |
| 24:30 | Build | Farm |
| 24:33 | Build | Farm |
| 24:34 | Create | Villager (Male) |
| 24:49 | Build | Mining Camp |
| 25:19 | Build | Watch Tower |
| 25:24 | Create | Villager (Male) |
| 25:34 | Build | Farm |
| 25:49 | Build | Farm |
| 25:50 | Create | Villager (Male) |
| 25:50 | Create | Villager (Male) |
| 25:51 | Create | Villager (Male) |
| 25:51 | Create | Villager (Male) |
| 26:17 | Create | Villager (Male) |
| 26:17 | Create | Villager (Male) |
| 26:48 | Create | Villager (Male) |
| 26:53 | Build | Farm |
| 27:01 | Build | Archery Range |
| 27:02 | Build | Archery Range |
| 27:12 | Build | Stable |
Build order — yeyekamon
First 150 of 368 actions detected
| 0:24 | Build | Town Center |
| 2:30 | Create | Villager (Male) ×4 |
| 2:31 | Create | Villager (Male) ×4 |
| 3:54 | Create | Villager (Male) |
| 3:54 | Create | Villager (Male) |
| 4:09 | Research | Loom |
| 4:23 | Create | Villager (Male) |
| 4:41 | Build | Mill |
| 4:49 | Research | Loom |
| 4:49 | Research | Loom |
| 4:57 | Create | Villager (Male) |
| 5:29 | Create | Villager (Male) |
| 5:29 | Create | Villager (Male) |
| 5:52 | Create | Villager (Male) |
| 5:53 | Create | Villager (Male) |
| 6:39 | Create | Villager (Male) |
| 6:39 | Create | Villager (Male) |
| 6:48 | Create | Villager (Male) |
| 6:48 | Create | Villager (Male) |
| 7:32 | Build | Mill |
| 7:34 | Create | Villager (Male) |
| 7:34 | Create | Villager (Male) |
| 7:34 | Create | Villager (Male) |
| 8:15 | Create | Villager (Male) |
| 8:15 | Create | Villager (Male) |
| 8:35 | Create | Villager (Male) ×2 |
| 8:35 | Create | Villager (Male) ×2 |
| 8:35 | Create | Villager (Male) ×2 |
| 8:54 | Create | Villager (Male) |
| 8:54 | Create | Villager (Male) |
| 8:55 | Create | Villager (Male) |
| 8:55 | Create | Villager (Male) |
| 9:31 | Create | Villager (Male) |
| 9:31 | Create | Villager (Male) |
| 9:46 | Build | Mill |
| 11:03 | Create | Villager (Male) |
| 11:04 | Create | Villager (Male) |
| 11:54 | Create | Villager (Male) |
| 11:59 | Build | Lumber Camp |
| 12:02 | Create | Villager (Male) |
| 12:25 | Research | Feudal Age |
| 12:26 | Research | Feudal Age |
| 12:26 | Research | Feudal Age |
| 12:49 | Create | Villager (Male) |
| 12:50 | Create | Villager (Male) |
| 13:26 | Build | Mining Camp |
| 13:48 | Build | Farm |
| 13:50 | Build | Farm |
| 13:50 | Build | Farm |
| 13:53 | Build | Farm |
| 13:55 | Build | Farm |
| 13:56 | Build | Farm |
| 14:03 | Build | Farm |
| 14:04 | Build | Farm |
| 14:07 | Build | Farm |
| 14:54 | Age | Feudal Age |
| 14:55 | Research | Wheelbarrow |
| 14:55 | Research | Town Watch |
| 14:58 | Research | Double-Bit Axe |
| 15:00 | Research | Horse Collar |
| 15:07 | Create | Villager (Male) |
| 15:16 | Build | Market |
| 15:38 | Build | Blacksmith |
| 16:03 | Build | Farm |
| 16:05 | Build | Farm |
| 16:06 | Build | Farm |
| 16:07 | Build | Farm |
| 16:15 | Build | Farm |
| 16:41 | Create | Villager (Male) |
| 16:42 | Create | Villager (Male) |
| 16:46 | Build | Farm |
| 16:50 | Build | Farm |
| 16:55 | Build | Farm |
| 17:29 | Create | Villager (Male) |
| 17:37 | Build | Mining Camp |
| 18:16 | Create | Villager (Male) |
| 18:48 | Research | Castle Age |
| 18:48 | Research | Castle Age |
| 19:19 | Research | Fletching |
| 19:19 | Research | Fletching |
| 19:20 | Research | Fletching |
| 19:43 | Create | Villager (Male) |
| 19:44 | Create | Villager (Male) |
| 21:28 | Create | Villager (Male) |
| 21:28 | Age | Castle Age |
| 21:28 | Create | Villager (Male) |
| 21:33 | Research | Bodkin Arrow |
| 21:34 | Research | Bodkin Arrow |
| 21:49 | Research | Heavy Plow |
| 21:49 | Research | Heavy Plow |
| 22:05 | Build | Barracks |
| 22:16 | Build | Castle |
| 22:30 | Build | Palisade Gate |
| 22:33 | Build | Palisade Wall |
| 22:35 | Build | Palisade Wall |
| 22:37 | Build | Palisade Wall |
| 22:39 | Build | Palisade Wall |
| 22:42 | Build | Palisade Wall |
| 22:58 | Create | Villager (Male) |
| 22:58 | Create | Villager (Male) |
| 23:16 | Create | Villager (Male) |
| 23:16 | Create | Villager (Male) |
| 23:30 | Research | Bow Saw |
| 23:49 | Build | Mining Camp |
| 24:11 | Research | Stone Mining |
| 24:13 | Research | Gold Mining |
| 24:17 | Create | Villager (Male) |
| 24:17 | Create | Villager (Male) |
| 24:45 | Research | Hand Cart |
| 24:47 | Create | Villager (Male) |
| 24:47 | Create | Villager (Male) |
| 25:08 | Create | Villager (Male) |
| 25:08 | Create | Villager (Male) |
| 25:12 | Build | University |
| 25:18 | Create | Villager (Male) |
| 25:18 | Create | Villager (Male) |
| 25:20 | Build | University |
| 25:31 | Build | Farm |
| 26:50 | Create | Villager (Male) |
| 26:50 | Create | Villager (Male) |
| 27:04 | Build | Castle |
| 27:59 | Build | Town Center |
| 28:39 | Build | Siege Workshop |
| 28:46 | Create | Villager (Male) |
| 28:46 | Create | Villager (Male) |
| 29:10 | Create | Villager (Male) |
| 29:10 | Create | Villager (Male) |
| 29:11 | Create | Villager (Male) |
| 29:33 | Build | Lumber Camp |
| 29:37 | Create | Villager (Male) |
| 29:38 | Create | Villager (Male) |
| 29:38 | Create | Villager (Male) |
| 29:38 | Create | Villager (Male) |
| 29:38 | Create | Villager (Male) |
| 29:54 | Create | Battering Ram |
| 30:18 | Create | Battering Ram |
| 30:44 | Create | Battering Ram |
| 30:46 | Create | Villager (Male) |
| 30:47 | Create | Villager (Male) |
| 31:31 | Create | Villager (Male) |
| 31:31 | Create | Villager (Male) |
| 31:32 | Create | Villager (Male) |
| 31:44 | Build | University |
| 33:03 | Create | Battering Ram |
| 33:04 | Create | Battering Ram |
| 33:06 | Create | Villager (Male) |
| 33:06 | Create | Villager (Male) |
| 33:06 | Create | Villager (Male) |
| 33:14 | Create | Villager (Male) |
| 33:14 | Create | Villager (Male) |
Build order — EL SEÑOR PONY
First 150 of 717 actions detected
| 0:53 | Build | Town Center |
| 2:01 | Build | Dock |
| 2:26 | Build | House |
| 3:24 | Create | Villager (Male) |
| 3:25 | Create | Villager (Male) |
| 3:25 | Create | Villager (Male) |
| 3:25 | Create | Villager (Male) |
| 3:26 | Create | Villager (Male) |
| 4:24 | Create | Fishing Ship |
| 5:05 | Research | Loom |
| 5:06 | Create | Villager (Male) |
| 5:13 | Create | Fishing Ship |
| 5:13 | Create | Fishing Ship |
| 5:44 | Create | Fishing Ship |
| 6:14 | Build | House |
| 6:16 | Build | House |
| 6:35 | Create | Fishing Ship |
| 6:39 | Create | Villager (Male) |
| 6:39 | Create | Villager (Male) |
| 7:19 | Create | Fishing Ship |
| 7:26 | Create | Villager (Male) |
| 7:26 | Create | Villager (Male) |
| 7:44 | Create | Villager (Male) |
| 7:44 | Create | Villager (Male) |
| 7:58 | Create | Fishing Ship |
| 8:11 | Create | Villager (Male) |
| 8:12 | Create | Villager (Male) |
| 8:29 | Build | Dock |
| 8:50 | Create | Fishing Ship |
| 9:05 | Create | Villager (Male) |
| 9:36 | Create | Fishing Ship |
| 9:38 | Create | Fishing Ship |
| 9:43 | Create | Fishing Ship |
| 10:06 | Create | Fishing Ship |
| 10:14 | Create | Villager (Male) |
| 10:14 | Create | Villager (Male) |
| 10:15 | Create | Villager (Male) |
| 10:20 | Build | Lumber Camp |
| 10:36 | Create | Fishing Ship |
| 10:41 | Create | Villager (Male) |
| 10:49 | Create | Villager (Male) |
| 10:50 | Create | Villager (Male) |
| 10:55 | Build | House |
| 10:57 | Build | House |
| 11:12 | Create | Fishing Ship |
| 11:21 | Create | Fishing Ship |
| 11:21 | Create | Fishing Ship |
| 11:43 | Create | Villager (Male) |
| 11:44 | Create | Villager (Male) |
| 12:07 | Build | Dock |
| 12:11 | Create | Fishing Ship |
| 12:18 | Create | Villager (Male) |
| 12:18 | Create | Villager (Male) |
| 12:43 | Create | Fishing Ship |
| 12:47 | Create | Fishing Ship |
| 12:53 | Create | Fishing Ship |
| 12:58 | Create | Fishing Ship |
| 13:31 | Create | Fishing Ship |
| 13:34 | Create | Fishing Ship |
| 13:51 | Create | Villager (Male) |
| 13:51 | Create | Villager (Male) |
| 14:01 | Build | Mill |
| 14:10 | Create | Villager (Male) |
| 14:16 | Create | Fishing Ship |
| 14:20 | Create | Fishing Ship |
| 14:23 | Create | Fishing Ship |
| 14:41 | Research | Feudal Age |
| 14:47 | Build | House |
| 14:48 | Build | House |
| 14:49 | Build | House |
| 14:50 | Build | House |
| 15:19 | Create | Fishing Ship |
| 15:22 | Create | Fishing Ship |
| 16:17 | Build | Mining Camp |
| 16:44 | Build | House |
| 16:46 | Build | House |
| 16:51 | Age | Feudal Age |
| 16:56 | Research | Wheelbarrow |
| 16:58 | Research | Double-Bit Axe |
| 17:00 | Create | Villager (Male) |
| 17:00 | Create | Villager (Male) |
| 17:23 | Create | Fishing Ship |
| 17:26 | Research | Tech 906 |
| 17:26 | Research | Tech 906 |
| 17:27 | Create | Fishing Ship |
| 17:34 | Create | Fishing Ship |
| 17:40 | Create | Fishing Ship |
| 17:41 | Create | Fishing Ship |
| 17:55 | Create | Villager (Male) |
| 17:57 | Create | Villager (Male) |
| 18:03 | Build | Blacksmith |
| 18:21 | Create | Fishing Ship |
| 18:27 | Create | Fishing Ship |
| 19:01 | Build | Market |
| 19:29 | Create | Villager (Male) |
| 19:42 | Create | Fishing Ship |
| 20:14 | Research | Castle Age |
| 20:14 | Research | Castle Age |
| 20:29 | Build | Mining Camp |
| 20:53 | Build | House |
| 20:56 | Build | House |
| 21:21 | Build | Lumber Camp |
| 22:56 | Age | Castle Age |
| 23:00 | Build | Town Center |
| 23:07 | Research | Gillnets |
| 23:12 | Research | Hand Cart |
| 23:15 | Research | Bow Saw |
| 23:21 | Build | Town Center |
| 23:26 | Create | Villager (Male) |
| 23:26 | Create | Villager (Male) |
| 23:28 | Research | Stone Mining |
| 23:57 | Create | Villager (Male) |
| 24:03 | Build | Dock |
| 24:12 | Build | Dock |
| 24:17 | Create | Villager (Male) |
| 24:17 | Create | Villager (Male) |
| 24:19 | Research | Town Watch |
| 24:59 | Create | Fishing Ship |
| 24:59 | Create | Fishing Ship |
| 25:17 | Build | Town Center |
| 25:25 | Build | Town Center |
| 25:53 | Create | Villager (Male) |
| 25:53 | Create | Villager (Male) |
| 25:53 | Create | Villager (Male) |
| 25:58 | Build | Dock |
| 26:09 | Create | Villager (Male) |
| 26:11 | Create | Villager (Male) |
| 26:12 | Create | Villager (Male) |
| 26:13 | Create | Villager (Male) |
| 26:13 | Create | Villager (Male) |
| 26:13 | Create | Villager (Male) |
| 26:13 | Create | Villager (Male) |
| 26:14 | Create | Villager (Male) |
| 26:14 | Create | Villager (Male) |
| 26:16 | Build | Mining Camp |
| 26:21 | Create | Villager (Male) |
| 26:27 | Create | Villager (Male) |
| 26:44 | Create | Villager (Male) |
| 26:45 | Create | Villager (Male) |
| 26:53 | Research | Town Patrol |
| 26:55 | Create | Fishing Ship |
| 26:57 | Research | Horse Collar |
| 27:03 | Create | Villager (Male) |
| 27:03 | Create | Villager (Male) |
| 27:03 | Create | Villager (Male) |
| 27:11 | Build | Stone Wall |
| 27:13 | Build | Gate |
| 27:21 | Create | Villager (Male) |
| 27:30 | Create | Villager (Male) |
| 27:39 | Build | Barracks |
Build order — passami lo sdrogo
First 150 of 281 actions detected
| 1:51 | Build | Town Center |
| 4:13 | Create | Villager (Male) ×4 |
| 4:14 | Research | Loom |
| 5:34 | Create | Villager (Male) |
| 6:27 | Create | Villager (Male) |
| 6:41 | Create | Villager (Male) |
| 6:54 | Build | Dock |
| 7:15 | Create | Villager (Male) |
| 8:17 | Create | Villager (Male) |
| 8:32 | Create | Fishing Ship |
| 9:01 | Create | Villager (Male) |
| 9:12 | Create | Villager (Male) |
| 9:17 | Create | Fishing Ship |
| 9:49 | Create | Villager (Male) |
| 9:58 | Build | Lumber Camp |
| 10:02 | Create | Villager (Male) |
| 10:42 | Create | Fishing Ship |
| 10:44 | Create | Villager (Male) |
| 10:45 | Create | Villager (Male) |
| 11:34 | Build | Mining Camp |
| 11:36 | Create | Villager (Male) |
| 11:37 | Create | Villager (Male) |
| 11:47 | Create | Fishing Ship |
| 12:11 | Create | Villager (Male) |
| 12:20 | Create | Fishing Ship |
| 13:06 | Create | Villager (Male) |
| 13:06 | Create | Villager (Male) |
| 13:13 | Build | Barracks |
| 13:38 | Create | Villager (Male) |
| 13:40 | Create | Fishing Ship |
| 14:16 | Build | Mill |
| 14:30 | Create | Villager (Male) |
| 14:31 | Create | Villager (Male) |
| 14:45 | Create | Fishing Ship |
| 15:13 | Build | Farm |
| 15:32 | Build | Farm |
| 15:42 | Research | Feudal Age |
| 15:50 | Build | Farm |
| 15:59 | Build | Farm |
| 16:02 | Create | Fishing Ship |
| 16:38 | Build | Dock |
| 17:03 | Build | Farm |
| 17:21 | Build | Farm |
| 17:52 | Age | Feudal Age |
| 17:56 | Build | Stable |
| 18:12 | Create | Villager (Male) |
| 18:12 | Create | Villager (Male) |
| 18:29 | Create | Villager (Male) |
| 18:29 | Create | Villager (Male) |
| 19:03 | Build | Blacksmith |
| 19:05 | Create | Villager (Male) |
| 19:06 | Create | Villager (Male) |
| 19:17 | Create | Villager (Male) |
| 19:25 | Build | Watch Tower |
| 19:31 | Create | Villager (Male) |
| 20:41 | Create | Scout Cavalry |
| 20:41 | Create | Scout Cavalry |
| 21:22 | Create | Scout Cavalry |
| 21:23 | Create | Scout Cavalry |
| 21:45 | Create | Galley |
| 21:45 | Create | Galley |
| 22:09 | Create | Scout Cavalry |
| 22:28 | Create | Demolition Raft |
| 22:28 | Create | Demolition Raft |
| 23:26 | Create | Scout Cavalry |
| 23:26 | Create | Scout Cavalry |
| 23:35 | Research | Wheelbarrow |
| 23:54 | Create | Demolition Raft |
| 23:54 | Create | Demolition Raft |
| 23:59 | Create | Galley |
| 24:14 | Build | Stone Wall |
| 25:32 | Build | Market |
| 25:36 | Create | Scout Cavalry |
| 25:37 | Create | Scout Cavalry |
| 25:53 | Create | Unit 2626 |
| 25:54 | Create | Unit 2626 |
| 26:13 | Create | Villager (Male) |
| 26:13 | Create | Villager (Male) |
| 26:24 | Create | Unit 2626 |
| 26:25 | Create | Unit 2626 |
| 27:13 | Research | Castle Age |
| 27:15 | Create | Villager (Male) |
| 27:16 | Create | Villager (Male) |
| 27:34 | Create | Unit 2626 |
| 28:01 | Build | Mining Camp |
| 28:44 | Research | Double-Bit Axe |
| 28:47 | Research | Gold Mining |
| 28:54 | Build | Stable |
| 29:53 | Age | Castle Age |
| 30:02 | Build | Town Center |
| 30:08 | Create | Villager (Male) |
| 30:09 | Create | Villager (Male) |
| 30:16 | Build | Gate |
| 30:33 | Build | Town Center |
| 30:45 | Research | Bow Saw |
| 30:59 | Research | Husbandry |
| 31:10 | Research | War Galley (upgrade) |
| 31:39 | Create | Villager (Male) |
| 31:39 | Create | Villager (Male) |
| 31:46 | Create | Villager (Male) |
| 31:47 | Create | Villager (Male) |
| 31:56 | Build | Archery Range |
| 32:11 | Build | Stone Wall |
| 32:27 | Create | Villager (Male) |
| 32:27 | Create | Villager (Male) |
| 32:51 | Build | Farm |
| 32:55 | Create | Villager (Male) |
| 32:56 | Create | Villager (Male) |
| 33:01 | Build | Archery Range |
| 33:29 | Create | Villager (Male) |
| 33:29 | Create | Villager (Male) |
| 34:06 | Build | Archery Range |
| 34:09 | Create | Villager (Male) |
| 34:10 | Create | Villager (Male) |
| 34:10 | Create | Villager (Male) |
| 34:18 | Build | Town Center |
| 34:28 | Build | Gate |
| 34:36 | Build | Stone Wall |
| 35:07 | Build | Blacksmith |
| 35:23 | Create | Unit 2626 |
| 35:24 | Create | Unit 2626 |
| 35:25 | Create | Galley |
| 35:49 | Build | University |
| 35:56 | Create | Knight |
| 35:57 | Create | Knight |
| 36:17 | Create | Cavalry Archer ×5 |
| 36:17 | Create | Cavalry Archer ×5 |
| 36:28 | Create | Villager (Male) |
| 36:28 | Create | Villager (Male) |
| 36:29 | Create | Villager (Male) |
| 36:55 | Build | Castle |
| 37:05 | Research | Fletching |
| 37:23 | Build | Fish Trap |
| 37:24 | Build | Fish Trap |
| 37:39 | Create | Villager (Male) |
| 37:39 | Create | Villager (Male) |
| 37:40 | Create | Villager (Male) |
| 38:21 | Create | Villager (Male) |
| 38:21 | Create | Villager (Male) |
| 38:22 | Create | Villager (Male) |
| 38:31 | Research | Ballistics |
| 38:34 | Create | Cavalry Archer ×4 |
| 38:34 | Create | Cavalry Archer ×4 |
| 38:48 | Build | Farm |
| 38:49 | Build | Farm |
| 38:50 | Build | Farm |
| 38:54 | Create | Villager (Male) |
| 38:55 | Create | Villager (Male) |
| 39:05 | Research | Padded Archer Armor |
| 39:31 | Build | Stone Wall |
Match timeline
| 1:10 | Flanker_08 · first_building Dock |
| 2:01 | EL SEÑOR PONY · first_building Dock |
| 2:19 | idiot_pineo · first_building Dock |
| 3:05 | yougetcs · first_building Dock |
| 3:20 | idiot_pineo · wall_segment Palisade Wall x1 |
| 3:28 | idiot_pineo · wall_segment Palisade Wall x1 |
| 6:08 | Volt Br8765 · first_building Dock |
| 6:54 | passami lo sdrogo · first_building Dock |
| 10:59 | Volt Br8765 · wall_segment Palisade Wall x3 |
| 11:23 | Volt Br8765 · wall_segment Palisade Wall x1 |
| 11:23 | Volt Br8765 · wall_segment Palisade Wall x1 |
| 11:24 | Volt Br8765 · wall_segment Palisade Wall x1 |
| 11:25 | Volt Br8765 · wall_segment Palisade Wall x1 |
| 11:27 | Volt Br8765 · wall_segment Palisade Wall x1 |
| 11:28 | Volt Br8765 · wall_segment Palisade Wall x1 |
| 11:29 | Volt Br8765 · wall_segment Palisade Wall x1 |
| 11:29 | Volt Br8765 · wall_segment Palisade Wall x1 |
| 11:32 | Volt Br8765 · wall_segment Palisade Wall x1 |
| 11:33 | Volt Br8765 · wall_segment Palisade Wall x1 |
| 11:34 | Volt Br8765 · wall_segment Palisade Wall x1 |
| 11:36 | Volt Br8765 · wall_segment Palisade Wall x1 |
| 11:37 | Volt Br8765 · wall_segment Palisade Wall x1 |
| 11:37 | Volt Br8765 · wall_segment Palisade Wall x1 |
| 11:38 | Volt Br8765 · wall_segment Palisade Wall x1 |
| 11:39 | Volt Br8765 · wall_segment Palisade Wall x1 |
| 11:40 | Volt Br8765 · wall_segment Palisade Wall x1 |
| 11:41 | Volt Br8765 · wall_segment Palisade Wall x1 |
| 11:42 | Volt Br8765 · wall_segment Palisade Wall x1 |
| 11:43 | Volt Br8765 · wall_segment Palisade Wall x1 |
| 11:44 | Volt Br8765 · wall_segment Palisade Wall x1 |
| 13:05 | idiot_pineo · age_up feudal |
| 13:13 | passami lo sdrogo · first_building Barracks |
| 13:50 | Volt Br8765 · first_building Barracks |
| 14:34 | Flanker_08 · age_up feudal |
| 14:39 | yougetcs · age_up feudal |
| 14:54 | yeyekamon · age_up feudal |
| 15:20 | danisan · age_up feudal |
| 15:41 | Volt Br8765 · first_building Stable |
| 15:52 | idiot_pineo · first_market_sell 100 stone |
| 15:57 | idiot_pineo · first_market_buy 100 food |
| 16:51 | EL SEÑOR PONY · age_up feudal |
| 17:02 | Flanker_08 · first_building Barracks |
| 17:07 | yougetcs · wall_segment Stone Wall x1 |
| 17:14 | yougetcs · wall_segment Stone Wall x7 |
| 17:41 | yougetcs · wall_segment Stone Wall x4 |
| 17:52 | passami lo sdrogo · age_up feudal |
| 17:56 | passami lo sdrogo · first_building Stable |
| 18:08 | danisan · first_market_buy 100 food |
| 18:23 | Flanker_08 · first_building Stable |
| 18:24 | yougetcs · age_up castle |
| 18:41 | idiot_pineo · age_up castle |
| 18:52 | danisan · first_building Barracks |
| 18:55 | Flanker_08 · age_up castle |
| 19:53 | danisan · first_building Stable |
| 20:57 | danisan · age_up castle |
| 21:16 | idiot_pineo · first_building Barracks |
| 21:28 | yeyekamon · age_up castle |
| 21:58 | yougetcs · first_building Castle |
| 22:05 | yeyekamon · first_building Barracks |
| 22:16 | yeyekamon · first_building Castle |
| 22:20 | idiot_pineo · first_building Archery Range |
| 22:33 | yeyekamon · wall_segment Palisade Wall x1 |
| 22:35 | yeyekamon · wall_segment Palisade Wall x1 |
| 22:37 | yeyekamon · wall_segment Palisade Wall x1 |
| 22:39 | yeyekamon · wall_segment Palisade Wall x1 |
| 22:42 | yeyekamon · wall_segment Palisade Wall x1 |
| 22:47 | yougetcs · first_building Barracks |
| 22:56 | EL SEÑOR PONY · age_up castle |
| 24:14 | passami lo sdrogo · wall_segment Stone Wall x9 |
| 24:36 | yougetcs · first_building Monastery |
| 25:07 | danisan · first_building Monastery |
| 27:01 | Volt Br8765 · first_building Archery Range |
| 27:06 | Flanker_08 · first_building Monastery |
| 27:11 | EL SEÑOR PONY · wall_segment Stone Wall x7 |
| 27:37 | yougetcs · first_building Stable |
| 27:39 | EL SEÑOR PONY · first_building Barracks |
| 27:44 | yougetcs · first_building Archery Range |
| 27:55 | idiot_pineo · first_building Castle |
| 28:02 | danisan · first_building Castle |
| 28:37 | passami lo sdrogo · first_market_buy 100 wood |
| 28:39 | yeyekamon · first_building Siege Workshop |
| 29:30 | EL SEÑOR PONY · wall_segment Stone Wall x8 |
| 29:53 | passami lo sdrogo · age_up castle |
| 30:10 | yougetcs · first_building Siege Workshop |
| 30:11 | idiot_pineo · first_building Siege Workshop |
| 30:56 | EL SEÑOR PONY · first_building Monastery |
| 31:36 | EL SEÑOR PONY · wall_segment Stone Wall x7 |
| 31:47 | EL SEÑOR PONY · first_building Castle |
| 31:51 | EL SEÑOR PONY · first_building Siege Workshop |
| 31:56 | passami lo sdrogo · first_building Archery Range |
| 32:11 | passami lo sdrogo · wall_segment Stone Wall x12 |
| 32:37 | EL SEÑOR PONY · wall_segment Stone Wall x5 |
| 33:07 | Flanker_08 · first_building Archery Range |
| 33:31 | Volt Br8765 · first_market_sell 100 food |
| 33:31 | EL SEÑOR PONY · wall_segment Stone Wall x6 |
| 33:32 | Flanker_08 · age_up imperial |
| 33:33 | Volt Br8765 · first_market_buy 100 stone |
| 33:38 | EL SEÑOR PONY · wall_segment Stone Wall x1 |
| 33:44 | Flanker_08 · first_building Castle |
| 34:36 | passami lo sdrogo · wall_segment Stone Wall x9 |
| 36:21 | yeyekamon · first_market_sell 100 food |
| 36:55 | passami lo sdrogo · first_building Castle |
| 37:09 | EL SEÑOR PONY · age_up imperial |
| 38:21 | danisan · age_up imperial |
| 39:31 | passami lo sdrogo · wall_segment Stone Wall x12 |
| 39:35 | yeyekamon · age_up imperial |
| 40:46 | EL SEÑOR PONY · first_building Archery Range |
| 43:32 | danisan · resign |
| 45:07 | yougetcs · age_up imperial |
| 45:55 | passami lo sdrogo · wall_segment Stone Wall x13 |
| 46:07 | Volt Br8765 · first_building Monastery |
| 48:09 | Volt Br8765 · first_building Castle |
| 50:45 | Flanker_08 · first_building Siege Workshop |
| 53:30 | passami lo sdrogo · age_up imperial |
| 53:31 | passami lo sdrogo · first_market_sell 500 stone |
| 55:17 | yeyekamon · first_building Stable |
| 55:19 | yeyekamon · first_building Archery Range |
| 55:23 | Volt Br8765 · first_building Siege Workshop |
| 57:26 | yougetcs · first_market_buy 100 food |
[ AI ANALYSIS · 1 CREDIT ]
What really happened in this match?
Wolo.gg analyzes every decision: build order, eco, micro, common mistakes by bracket. Personalized analysis on WhatsApp or Discord in 30 seconds.
Civ guide
Mongols
Map guide
Nomad
Perfil
yougetcs